Map: New Gettysburg LE

Players

거제저그

  • Race: Zerg Zerg
  • League: Master

IIIIIIIIIIII (State) - Winner!

  • Race: Protoss Protoss
  • League: Grandmaster

VOD

Have the link to the VOD?

Description

Time

  • Played on: Aug. 4, 2016, 3:16 a.m.
  • Length: 8:33
Show
View Real Time Build Order
Export as new Build Order

거제저그 Zerg 

Build Orders: 3 Hatch before Pool 

Get SALT Encoding   

  12  0:00  Drone  
  13  0:13  Overlord  
  13  0:18  Drone  
  14  0:46  Hatchery  
  13  0:50  Drone  
  13  0:54  Drone  
  15  0:57  Drone  
  15  1:01  Drone  
  17  1:25  Hatchery  
  17  1:29  Drone  
  17  1:31  Extractor  
  16  1:33  Drone  
  16  1:37  Drone  
  18  1:45  Drone  
  19  1:55  Drone  
  19  1:59  Spawning Pool  
  19  2:06  Drone  
  19  2:08  Drone  
  21  2:10  Drone  
  22  2:16  Drone  
  22  2:19  Drone  
  24  2:29  Overlord  
  24  2:45  Queen x2  
  24  2:46  Metabolic Boost  
  24  2:49  Queen  
  30  2:53  Zergling x2  
  30  2:55  Zergling x2  
  30  2:57  Zergling x2  
  33  2:59  Zergling x2  
  33  3:01  Zergling x2  
  33  3:03  Zergling x2  
  36  3:06  Zergling x2  
  36  3:11  Spore Crawler  
  36  3:15  Overlord x2  
  37  3:26  Zergling x2  
  40  3:27  Zergling x8  
  40  3:33  Zergling x4  
  44  3:34  Zergling x2  
  44  3:38  Zergling x4  
  47  3:44  Zergling x2  
  47  3:47  Zergling x2  
  49  3:50  Zergling x2  
  49  3:54  Zergling x2  
  49  3:55  Zergling x8  
  54  4:04  Zergling x2  
  54  4:05  Zergling x6  
  57  4:11  Zergling x2  
  57  4:13  Overlord  
  57  4:14  Overlord  
  55  4:25  Zergling x6  
  56  4:33  Zergling x2  
  56  4:34  Zergling x6  
  56  4:36  Zergling x2  
  57  4:45  Zergling x6  
  55  4:50  Zergling x10  
  53  4:56  Zergling x6  
  53  4:58  Zergling x2  
  52  5:03  Drone x2  
  52  5:08  Drone  
  52  5:09  Drone  
  52  5:10  Drone  
  53  5:15  Drone x2  
  53  5:20  Drone x2  
  53  5:21  Drone  
  57  5:22  Drone  
  57  5:24  Drone  
  57  5:28  Drone x2  
  61  5:29  Drone  
  61  5:32  Drone  
  60  5:41  Drone x5  
  61  5:49  Zergling x12  
  62  6:09  Drone x2  
  62  6:10  Drone x6  
  70  6:14  Evolution Chamber  
  69  6:26  Hatchery  
  69  6:27  Overlord  
  69  6:28  Overlord  
  68  6:36  Hatchery  
  67  6:42  Zergling x12  
  73  6:50  Overlord x3  
  73  6:51  Zergling x8  
  77  7:05  Zergling x18  
  86  7:13  Zergling x2  
  86  7:14  Zergling x4  
  89  7:18  Zergling x4  
  90  7:26  Zergling x6  
  89  7:33  Zergling x2  
  80  7:39  Zergling x2  
  80  7:40  Zergling x18  
  89  7:51  Zergling x8  
  79  7:52  Queen  
  79  7:53  Queen x2  
  79  7:55  Zergling x4  
  79  7:56  Queen, Zergling x4  
  93  7:59  Zergling x2  
  93  8:04  Zergling x6  
  97  8:12  Zergling x8  
Show
View Real Time Build Order
Export as new Build Order

IIIIIIIIIIII Protoss - Winner!

Build Orders: 1 Gate Expand 

Get SALT Encoding   

  12  0:02  Probe (Chrono Boost)  
  13  0:12  Probe (Chrono Boost)  
  14  0:18  Pylon  
  14  0:23  Probe (Chrono Boost)  
  15  0:37  Probe (Chrono Boost)  
  15  0:38  Gateway  
  16  0:44  Assimilator  
  16  0:47  Probe (Chrono Boost)  
  17  0:52  Assimilator  
  17  0:58  Probe (Chrono Boost)  
  18  1:08  Probe (Chrono Boost)  
  19  1:21  Nexus  
  19  1:24  Probe (Chrono Boost)  
  20  1:35  Cybernetics Core  
  20  1:38  Probe (Chrono Boost)  
  21  1:46  Assimilator  
  21  1:49  Probe (Chrono Boost)  
  22  1:54  Pylon  
  22  2:00  Probe (Chrono Boost)  
  23  2:10  Adept  
  23  2:14  Warp Gate, Probe (Chrono Boost)  
  26  2:26  Probe (Chrono Boost)  
  26  2:27  Twilight Council  
  27  2:33  Stalker  
  28  2:38  Probe (Chrono Boost)  
  28  2:39  Probe (Chrono Boost)  
  31  2:49  Probe (Chrono Boost)  
  31  2:50  Resonating Glaives  
  31  2:51  Probe (Chrono Boost)  
  33  3:00  Probe (Chrono Boost)  
  33  3:03  Probe (Chrono Boost)  
  35  3:10  Probe (Chrono Boost)  
  36  3:15  Probe (Chrono Boost)  
  37  3:21  Probe (Chrono Boost)  
  37  3:24  Gateway  
  39  3:27  Probe (Chrono Boost)  
  39  3:29  Gateway  
  39  3:34  Gateway  
  39  3:35  Probe (Chrono Boost)  
  39  3:39  Probe (Chrono Boost)  
  41  3:45  Robotics Facility  
  41  3:48  Pylon  
  42  3:50  Mothership Core (Chrono Boost)  
  42  3:51  Probe (Chrono Boost)  
  42  3:52  Assimilator  
  45  4:03  Probe (Chrono Boost)  
  45  4:04  Pylon  
  45  4:08  Probe (Chrono Boost)  
  44  4:15  Probe (Chrono Boost)  
  45  4:18  Pylon  
  45  4:20  Adept  
  45  4:23  Pylon  
  48  4:26  Adept  
  48  4:27  Pylon  
  48  4:28  Pylon, Adept  
  51  4:33  Pylon  
  51  4:36  Pylon  
  51  4:37  Pylon  
  51  4:39  Pylon  
  51  4:40  Sentry  
  51  4:44  Pylon  
  53  4:46  Pylon  
  53  4:49  Sentry  
  56  4:54  Gateway  
  56  4:58  Pylon  
  55  5:02  Pylon  
  55  5:06  Sentry  
  57  5:18  Gateway x2  
  57  5:20  Adept  
  60  5:21  Probe (Chrono Boost)  
  60  5:23  Probe (Chrono Boost)  
  60  5:24  Robotics Facility  
  60  5:25  Forge  
  61  5:29  Gateway  
  61  5:32  Probe (Chrono Boost)  
  61  5:34  Adept  
  64  5:40  Assimilator, Probe (Chrono Boost)  
  66  5:42  Probe (Chrono Boost)  
  66  5:44  Protoss Ground Weapons Level 1  
  66  5:46  Adept  
  68  5:52  Probe (Chrono Boost)  
  68  5:56  Gateway  
  69  6:03  Gateway  
  69  6:06  Gateway  
  69  6:16  Warp Prism  
  69  6:18  Adept  
  69  6:19  Sentry x2  
  78  6:25  Probe (Chrono Boost)  
  78  6:27  Adept  
  80  6:37  Nexus  
  80  6:40  Pylon  
  80  6:43  Pylon  
  80  6:47  Sentry x3  
  80  6:50  Observer  
  80  6:51  Probe (Chrono Boost)  
  88  7:08  Adept x3  
  88  7:09  Adept  
  88  7:13  Adept x3  
  101  7:19  Probe (Chrono Boost)  
  102  7:35  Adept x6  
  114  7:40  Sentry x4  
  114  7:41  Sentry  
  114  7:42  Zealot x2  
  116  7:47  Warp Prism  
  118  7:53  Probe x2 (Chrono Boost)  
  118  7:54  Probe (Chrono Boost)  
  121  8:04  Probe (Chrono Boost)  
  121  8:05  Probe x2 (Chrono Boost)  
  124  8:06  Assimilator, Sentry x3  
  124  8:10  Assimilator  
  130  8:15  Probe (Chrono Boost)  
  130  8:17  Probe x2 (Chrono Boost)  
  130  8:18  Sentry  
  135  8:23  Zealot x2, Sentry  
  140  8:29  Zealot x2  
Tags
 
Add a new tag
Caveats
  • Supply blocks, unpowered buildings, or Contaminate may cause inaccurate times.
  • Supply counts are checked every 10 seconds.